 Dungeon Crawl Stone Soup version 0.27.1-33-g824d729ab1 (webtiles) character file.

Game seed: 3135805362126388527

137 DearestLeader the Caller (level 5, -3/37 HPs)
             Began as a Gnoll Wanderer on Dec 1, 2021.
             Splashed by Ijyb's acid (17 damage)
             ... on level 3 of the Dungeon on Dec 2, 2021.
             The game lasted 00:04:49 (2676 turns).

DearestLeader the Caller (Gnoll Wanderer)           Turns: 2676, Time: 00:04:50

Health: -3/37      AC:  0    Str: 11    XL:     5   Next: 20%
Magic:  7/7        EV: 12    Int: 13    God:
Gold:   42         SH:  0    Dex: 11    Spells: 3/6 levels left

rFire    . . .     SeeInvis .   e - +0 whip (distort)
rCold    . . .     Faith    .   (no shield)
rNeg     . . .     Spirit   .   h - +0 leather armour
rPois    .         Reflect  .   (no helmet)
rElec    .         Harm     .   p - +0 cloak
rCorr    .         Rampage  .   (no gloves)
Will     .....                  (no boots)
Stlth    ++........             (no amulet)
HPRegen  0.12/turn              n - ring of flight
MPRegen  0.10/turn              (no ring)

@: corroded, flying
A: fangs 1, strong nose, distributed training
a: no special abilities


You were on level 3 of the Dungeon.
You visited 1 branch of the dungeon, and saw 3 of its levels.

You collected 132 gold pieces.
You spent 90 gold pieces at shops.

Inventory:

Hand Weapons
 a - a +0 quarterstaff
 d - a +0 dagger
 e - a +0 whip of distortion (weapon)
Armour
 c - a +0 robe
 h - a +0 leather armour (worn)
 p - a +0 cloak (worn)
Jewellery
 n - a ring of flight (left hand)
Scrolls
 f - a scroll of amnesia {unknown}
 j - a scroll of vulnerability {unknown}
 k - a scroll of teleportation {unknown}
 m - a scroll of identify {unknown}
Potions
 b - 2 potions of lignification
 g - a potion of degeneration {unknown}
 i - a potion of brilliance {unknown}
 l - a potion of cancellation {unknown}
 o - a potion of might {unknown}


   Skills:
 + Level 1.4 Fighting
 + Level 2.9 Short Blades
 + Level 1.4 Long Blades
 + Level 1.4 Axes
 + Level 1.4 Maces & Flails
 + Level 1.4 Polearms
 + Level 1.4 Staves
 + Level 1.4 Slings
 + Level 1.4 Bows
 + Level 1.4 Crossbows
 + Level 1.4 Throwing
 + Level 1.4 Armour
 + Level 2.9 Dodging
 + Level 4.3 Stealth
 + Level 2.9 Shields
 + Level 1.4 Unarmed Combat
 + Level 1.4 Spellcasting
 + Level 1.1 Conjurations
 + Level 1.1 Hexes
 + Level 5.5 Summonings
 + Level 1.1 Necromancy
 + Level 1.1 Translocations
 + Level 1.1 Transmutations
 + Level 1.1 Fire Magic
 + Level 1.1 Ice Magic
 + Level 3.9 Air Magic
 + Level 1.1 Earth Magic
 + Level 1.1 Poison Magic
 + Level 1.5 Invocations
 + Level 1.4 Evocations


You had 3 spell levels left.
You knew the following spells:

 Your Spells              Type           Power      Damage    Failure   Level
a - Magic Dart            Conj           12%        1d3       22%         1
b - Call Imp              Summ           15%        N/A       5%          2

Your spell library contained the following spells:

 Spells                   Type           Power      Damage    Failure   Level
 Blink                    Tloc           N/A        N/A       34%         2
 Ensorcelled Hibernation  Hex/Ice        6%         N/A       34%         2
 Slow                     Hex            3%         N/A       34%         2
 Mephitic Cloud           Conj/Pois/Air  6%         N/A       41%         3
 Conjure Flame            Conj/Fire      3%         6-21      56%         3
 Spider Form              Tmut/Pois      1%         N/A       56%         3
 Shadow Creatures         Summ           N/A        N/A       99%         6


Dungeon Overview and Level Annotations

Branches:
Dungeon (3/15)

Altars:
Vehumet

Shops:
D:2 *

Annotations:
D:3 exclusion: statue, Ijyb


Innate Abilities, Weirdness & Mutations

You have very sharp teeth.
Your uncanny sense of smell can sniff out nearby items.
Your experience applies equally to all skills.


Message History

a +0 club; a +0 robe; the human corpse of Jessica
Found a glowing mace.
Found a mace.
Found a runed translucent door.
Crazy Yiuf shouts!
You see here a +2 mace of pain.
You reach down and open the door.
Found a stone staircase leading down.
There is an open door here.
You see here a +2 mace of pain.
You reach down and open the door.
Crazy Yiuf flaps his cloak.
Crazy Yiuf misses you.
There is an open translucent door here.
You hit Crazy Yiuf but do no damage.
Space warps horribly around Crazy Yiuf!!
You kill Crazy Yiuf!
You have reached level 5!
Things that are here:
a +2 quarterstaff of chaos; a +0 cloak; the gnoll corpse of Crazy Yiuf You start putting on your armour.
You continue putting on your +0 cloak. x4
You finish putting on your +0 cloak.
Magic restored.
There is an open translucent door here.
You reach down and open the door.
There is an open door here.
You reach down and open the door.
There is an open door here.
Found a hand axe.
A rat comes into view.
The rat misses you.
You barely miss the rat. The rat closely misses you.
You hit the rat.
You kill the rat!
No target in view!
Ijyb the Twisted Goblin comes into view.
She is wielding a +0 club and carrying a wand of acid (9).
Ijyb shouts!
Ijyb zaps a wand.
The bolt of acid hits you!!
Ouch! That really hurt!
The acid corrodes you!
You are splashed with acid!
You die...

.. ##+##
#.....# .
#.##### # #.#
.. #.# #..
#.# ... #.# #
∆g. #.#
#...#.#####.#
.......@....#
..###########


You could see Ijyb.

Vanquished Creatures
  Crazy Yiuf (D:3)
  Jessica (D:3)
  An adder (D:2)
  A worm (D:2)
  3 dart slugs
  5 orcs
  4 ball pythons
  6 endoplasms
  A giant cockroach (D:1)
  6 goblins
  3 hobgoblins
  2 jackals (D:1)
  2 quokkas
  2 bats (D:2)
  7 frilled lizards (D:1)
  5 kobolds
  4 rats
54 creatures vanquished.

Notes
Turn   | Place    | Note
-------+----------+-------------------------------------------
     0 | D:1      | DearestLeader the Gnoll Wanderer began the quest for the
                  | Orb.
     0 | D:1      | DearestLeader set off with the following items: a +0
                  | quarterstaff, a potion of lignification, a +0 robe, a +0
                  | dagger; and the following spell memorised: Magic Dart; and
                  | the following spells available to memorise: Call Imp,
                  | Blink, Slow, Mephitic Cloud, Conjure Flame
     0 | D:1      | Reached XP level 1. HP: 13/13 MP: 1/1
   344 | D:1      | Reached XP level 2. HP: 19/19 MP: 2/2
   409 | D:1      | Found a faded altar of an unknown god.
  1012 | D:1      | Reached XP level 3. HP: 24/25 MP: 3/3
  1167 | D:1      | Learned a level 2 spell: Call Imp
  1395 | D:2      | Found Cocs's Assorted Antiques.
  1418 | D:1      | Reached skill level 1 in Invocations
  1715 | D:2      | Reached skill level 1 in Fighting
  1715 | D:2      | Reached skill level 1 in Long Blades
  1715 | D:2      | Reached skill level 1 in Axes
  1715 | D:2      | Reached skill level 1 in Maces & Flails
  1715 | D:2      | Reached skill level 1 in Polearms
  1715 | D:2      | Reached skill level 1 in Staves
  1715 | D:2      | Reached skill level 1 in Slings
  1715 | D:2      | Reached skill level 1 in Bows
  1715 | D:2      | Reached skill level 1 in Crossbows
  1715 | D:2      | Reached skill level 1 in Throwing
  1715 | D:2      | Reached skill level 1 in Armour
  1715 | D:2      | Reached skill level 1 in Unarmed Combat
  1715 | D:2      | Reached skill level 1 in Spellcasting
  1715 | D:2      | Reached skill level 1 in Evocations
  1890 | D:2      | Reached XP level 4. HP: 17/32 MP: 5/5
  2250 | D:2      | Bought a blackened agate ring for 90 gold pieces
  2300 | D:2      | You are sucked into a shaft and drop 1 floor!
  2415 | D:3      | Found a radiant altar of Vehumet.
  2415 | D:3      | Noticed a charred statue
  2435 | D:3      | Noticed Jessica
  2443 | D:3      | Killed Jessica
  2444 | D:3      | Reached skill level 1 in Conjurations
  2444 | D:3      | Reached skill level 1 in Hexes
  2444 | D:3      | Reached skill level 1 in Necromancy
  2444 | D:3      | Reached skill level 1 in Translocations
  2444 | D:3      | Reached skill level 1 in Transmutations
  2444 | D:3      | Reached skill level 1 in Fire Magic
  2444 | D:3      | Reached skill level 1 in Ice Magic
  2444 | D:3      | Reached skill level 1 in Earth Magic
  2444 | D:3      | Reached skill level 1 in Poison Magic
  2511 | D:3      | Found a runed translucent door.
  2512 | D:3      | Noticed Crazy Yiuf
  2575 | D:3      | Killed Crazy Yiuf
  2576 | D:3      | Reached XP level 5. HP: 37/37 MP: 5/7
  2676 | D:3      | Noticed Ijyb
  2676 | D:3      | Splashed by Ijyb's acid

Illustrated notes

Levels and vault maps discovered:
D:1:      dpeg_arrival_castle, layout_basic,
          shapermc_ecumenical_altar_mp_highgroup, kennysheep_another_room
D:2:      layout_rooms, serial_shops, shop
D:3:      layout_loops_corners, good_gods_mini_temple, vehumet_statue,
          mainiacjoe_overflow_alcove_4, uniq_jessica, uniq_crazy_yiuf_cottage,
          uniq_ijyb

Skill      XL: |  1  2  3  4 |
---------------+-------------+-----
Invocations    | 1 |  1.5
Fighting       | 1 |  1.4
Long Blades    | 1 |  1.4
Axes           | 1 |  1.4
Maces & Flails | 1 |  1.4
Polearms       | 1 |  1.4
Staves         | 1 |  1.4
Slings         | 1 |  1.4
Bows           | 1 |  1.4
Crossbows      | 1 |  1.4
Throwing       | 1 |  1.4
Armour         | 1 |  1.4
Unarmed Combat | 1 |  1.4
Spellcasting   | 1 |  1.4
Evocations     | 1 |  1.4
Conjurations   | 1 |  1.1
Hexes          | 1 |  1.1
Necromancy     | 1 |  1.1
Translocations | 1 |  1.1
Transmutations | 1 |  1.1
Fire Magic     | 1 |  1.1
Ice Magic      | 1 |  1.1
Earth Magic    | 1 |  1.1
Poison Magic   | 1 |  1.1
Short Blades   | |  2.9
Dodging        | |  2.9
Stealth        | |  4.3
Shields        | |  2.9
Summonings     | |  5.5
Air Magic      | |  3.9

Action                   |  1- 3 |  4- 6 || total
-------------------------+-------+-------++-------
Melee: Whip              |    92 |    27 ||   119
       Dagger            |     4 |       ||     4
       Bite              |     6 |     1 ||     7
       Punch             |       |     1 ||     1
 Cast: Magic Dart        |     4 |       ||     4
       Call Imp          |     1 |       ||     1
 Stab: Sleeping          |     7 |     1 ||     8
Armor: Robe              |     5 |       ||     5
       Leather armour    |    19 |     3 ||    22
Dodge: Dodged            |    70 |    23 ||    93
